 Dungeon Crawl Stone Soup version 0.16.0-16-g311141a (webtiles) character file.

1274 Zapata the Basher (level 8, -6/46 HPs)
             Began as a Kobold Berserker on Mar 19, 2015.
             Was a High Priest of Trog.
             Mangled by an orc warrior
             ... wielding a +0 battleaxe
              (19 damage)
             ... on level 6 of the Dungeon.
             The game lasted 00:09:20 (6618 turns).

Zapata the Basher (Kobold Berserker)                Turns: 6618, Time: 00:09:20

Health: -6/46      AC: -2    Str: 16    XL:     8   Next: 83%
Magic:  8/8        EV: 15    Int:  5    God:    Trog [*****.]
Gold:   220        SH:  0    Dex: 17    Spells: 0 memorised, 7 levels left

rFire  . . .     SeeInvis .     t - +1 flail (drain)
rCold  . . .     Clarity  .     k - -1 robe (curse)
rNeg   . . .     SustAb   .     (no shield)
rPois  +         Gourm    .     (no helmet)
rElec  +         Spirit   .     (no cloak)
rCorr  .         Warding  .     s - -5 pair of gloves of a Hundred Runes {rElec rPois} (curse)
rMut   .         Stasis   .     (no boots)
MR     +....                    (no amulet)
Stlth  +.........               h - ring of loudness (curse)
                                e - ring of protection from magic

@: exhausted, slowed, very slow, somewhat resistant to hostile enchantments,
very unstealthy
A: carnivore 3
a: Burn Spellbooks, Berserk, Trog's Hand, Brothers in Arms, Renounce Religion


You were on level 6 of the Dungeon.
You worshipped Trog.
Trog was extremely pleased with you.
You were not hungry.

You visited 1 branch of the dungeon, and saw 6 of its levels.

You collected 220 gold pieces.

Inventory:

Hand weapons
 a - a +0 mace
 t - a +1 flail of draining (weapon)
Missiles
 g - 93 stones (quivered)
 q - 11 tomahawks
Armour
 b - a +0 animal skin
 k - a cursed -1 robe (worn)
 r - a +0 buckler
 s - the cursed -5 pair of gloves of a Hundred Runes (worn) {rElec rPois}
   (You found it on level 4 of the Dungeon)

   It insulates you from electricity.
   It protects you from poison.
   It has a curse placed upon it.
 C - a cursed +0 ring mail
Jewellery
 e - a ring of protection from magic (left hand)
 h - a cursed ring of loudness (right hand)
Scrolls
 d - 4 scrolls of identify
 f - 2 scrolls of teleportation
 i - 2 scrolls of fear
 j - a scroll of enchant armour
 l - a scroll of recharging
 o - a scroll of random uselessness
 u - a scroll of immolation
 y - a scroll of enchant weapon
Potions
 c - a potion of cancellation {unknown}
 m - 2 potions of restore abilities {unknown}
 p - 2 potions of degeneration {unknown}
 v - a potion of resistance {unknown}
 w - 2 potions of flight {unknown}
 x - a potion of berserk rage {unknown}
 z - a potion of brilliance {unknown}
 B - 2 potions of magic {unknown}
 D - a potion of agility {unknown}
 F - 3 potions of might {unknown}
Books
 A - a book of Flames

   Spells                             Type                      Level
   a - Flame Tongue                   Conjuration/Fire             1
   b - Throw Flame                    Conjuration/Fire             2
   c - Conjure Flame                  Conjuration/Fire             3
   d - Inner Flame                    Hexes/Fire                   3
   e - Sticky Flame                   Conjuration/Fire             4
   f - Fireball                       Conjuration/Fire             5
   Trog disapproves of the use of such an item.
Comestibles
 n - 2 slices of pizza
 E - a meat ration


   Skills:
 - Level 3.2 Fighting
 + Level 10.4 Maces & Flails
 - Level 1.5 Armour
 - Level 2.4 Dodging


You had 7 spell levels left.
You didn't know any spells.

Dungeon Overview and Level Annotations

Branches:
Dungeon (6/15)             Temple (0/1) D:4

Altars:
Kikubaaqudgha
Ru
Yredelemnul

Annotations:
D:4 Prince Ribbit


Innate Abilities, Weirdness & Mutations

You are small and have problems with some larger weapons.
You are carnivorous and can eat meat at any time.


Message History

The orc warrior hits you with a battleaxe!
The orc closely misses you.
The orc hits you with a falchion of holy wrath.
Huge Dmg: -26%(-12hp) hp: 44%(20hp)
You closely miss the orc warrior.
The orc warrior is almost dead.
The orc warrior hits you with a battleaxe!
* * * LOW HITPOINT WARNING * * *
The orc closely misses you. The orc barely misses you.
Huge Dmg: -17%(-8hp) hp: 27%(12hp) Drink which item? (? for menu, Esc to quit)
Okay, then.
Drink which item? (? for menu, Esc to quit)
Okay, then.
You barely miss the orc warrior.
The orc warrior is almost dead.
The orc warrior misses you. The orc misses you. The orc barely misses you.
The orc closely misses you. The orc completely misses you.
The orc warrior hits you with a battleaxe!!
You die...

...... ######.
....#.#### #...##.
......... #...##.
........########...##.
#.>................
#.†..########......
#...!# #...... #..).#
#...... #.@..# #......
.......ooo.(.# #......
##..........# #......
#!.........# #......
$$..........# #...###
$....##(#### #...#
.... #.. #...# ... #.
#)..# #...#


You could see an orc warrior and 2 orcs.

Vanquished Creatures
  The ghost of Leybi the Shield-Bearer, an average MiFi (D:4)
  2 ogres
  Sigmund (D:3)
  A giant frog (D:6)
  A scorpion (D:6)
  A crimson imp (D:6)
  An orc priest (D:3)
  A gnoll shaman (D:5)
  6 hounds
  An iguana (D:4)
  Ijyb (D:6)
  7 gnolls (D:5)
  9 adders
  2 giant mites (D:6)
  2 worms (D:3)
  A shadow imp (D:5)
  7 giant geckos
  8 orcs
  16 bats
  2 bat skeletons
  13 goblins
  7 hobgoblins
  7 jackals
  15 kobolds
  4 quokkas
  3 ball pythons
  10 giant cockroaches
  5 giant newts
  A quokka zombie (D:6)
  7 rats
143 creatures vanquished.

Vanquished Creatures (collateral kills)
  An ogre (D:5)
  2 gnolls (D:5)
  An adder (D:5)
  A giant mite (D:5)
  A hobgoblin (D:5)
  5 jackals (D:5)
  A bat (D:5)
12 creatures vanquished.

Vanquished Creatures (others)
  A two-headed ogre (D:5)
1 creature vanquished.

Grand Total: 156 creatures vanquished

Notes
Turn   | Place    | Note
--------------------------------------------------------------
     0 | D:1      | Zapata, the Kobold Berserker, began the quest for the Orb.
     0 | D:1      | Reached XP level 1. HP: 14/14 MP: 1/1
    49 | D:1      | Reached XP level 2. HP: 19/19 MP: 2/2
   272 | D:1      | Acquired Trog's second power
   272 | D:1      | Reached skill level 4 in Maces & Flails
   272 | D:1      | Reached XP level 3. HP: 20/23 MP: 3/3
  1371 | D:2      | Reached XP level 4. HP: 21/28 MP: 4/4
  1920 | D:2      | Found an ancient bone altar of Kikubaaqudgha.
  2095 | D:2      | Reached skill level 5 in Maces & Flails
  2322 | D:3      | Reached XP level 5. HP: 27/32 MP: 5/5
  2888 | D:3      | Noticed Sigmund
  2900 | D:3      | Killed Sigmund
  2900 | D:3      | Reached skill level 6 in Maces & Flails
  2900 | D:3      | Reached XP level 6. HP: 18/37 MP: 6/6
  3612 | D:4      | Found a staircase to the Ecumenical Temple.
  3728 | D:4      | Acquired Trog's third power
  3750 | D:4      | Noticed Leybi's ghost (average MiFi)
  3760 | D:4      | Killed Leybi's ghost
  3760 | D:4      | Reached skill level 8 in Maces & Flails
  3760 | D:4      | Reached XP level 7. HP: 5/41 MP: 7/7
  4314 | D:4      | Found a sacrificial altar of Ru.
  4336 | D:4      | Noticed Prince Ribbit
  4800 | D:4      | Got a pair of polished gloves
  5006 | D:5      | Entered Level 5 of the Dungeon
  5070 | D:5      | Identified the cursed -5 pair of gloves of a Hundred Runes {rElec rPois} (You found it on level 4 of the Dungeon)
  5576 | D:5      | Reached XP level 8. HP: 41/46 MP: 8/8
  5640 | D:5      | Reached skill level 9 in Maces & Flails
  6254 | D:6      | Found a basalt altar of Yredelemnul.
  6290 | D:6      | Reached skill level 10 in Maces & Flails
  6341 | D:6      | Noticed Ijyb
  6351 | D:6      | Killed Ijyb
  6618 | D:6      | Mangled by an orc warrior

Action                   |  1- 3 |  4- 6 |  7- 9 || total
-------------------------+-------+-------+-------++-------
Melee: Mace              |    88 |   170 |    68 ||   326
       Flail             |       |       |    95 ||    95
Throw: Tomahawk          |       |       |     2 ||     2
       Stone             |       |       |     1 ||     1
Invok: Berserk           |     1 |     5 |    11 ||    17
       Trog's Hand       |       |     2 |       ||     2
       Brothers in Arms  |       |       |     2 ||     2
       Burn Spellbooks   |       |       |     1 ||     1
  Use: Scroll            |       |     7 |     2 ||     9
       Potion            |       |     1 |     1 ||     2
 Stab: Sleeping          |     2 |       |       ||     2
  Eat: Chunk             |     8 |    11 |    13 ||    32
       Meat ration       |       |       |     1 ||     1
